AoeStats
← Coopz881006

Arabia

509296151Analyzed
2v2 RM · 5d ago on Sep 26, 2026· 52m 23s· 4 players
Game mode
Random Map
Map size
Medium (4 player)
Population
200
Speed
Normal
Resources
Standard
Victory
Conquest
Starting age
Dark Age
Ending age
Imperial Age
RankedLock teamsTeams togetherTeam positionsShared explorationLock speedFull tech treeHidden civsTurbo modeCheats
Victory
Defeat
🇫🇷 Bulgarians · France
795
+9
🇫🇷 Magyars · France
751
+9
🇬🇧 Japanese · United Kingdom
620
-9
🇺🇸 Armenians · United States
618
-9
Coopz881006
2:40 Loom
12:49 Feudal Age
14:11 Wheelbarrow
13:24 Double-Bit Axe
14:08 Horse Collar
14:23 Gold Mining
29:14 Castle Age
28:14 Forging
28:41 Scale Mail Armor
30:10 Squires
30:43 Hand Cart
32:20 Chain Mail Armor
33:30 Heavy Plow
34:26 Gold Shaft Mining
34:54 Iron Casting
35:27 Arson
AnarchistOwl
1:07 Loom
16:21 Feudal Age
16:24 Man-at-Arms
17:51 Wheelbarrow
17:23 Long Swordsman
19:06 Scale Mail Armor
21:02 Forging
21:00 Town Watch
21:44 Arson
25:03 Double-Bit Axe
25:53 Horse Collar
29:40 Castle Age
27:58 Pikeman
30:44 Squires
31:30 Hand Cart
31:43 Fletching
33:57 Bodkin Arrow
37:22 Bow Saw
41:04 Padded Archer Armor
43:14 Ballistics
43:06 Murder Holes
42:42 Two-Handed Swordsman
43:12 Gambesons
45:59 Leather Archer Armor
46:47 Gold Mining
48:01 Chain Mail Armor
47:40 Halberdier
WantedSea5584
9:08 Loom
11:40 Feudal Age
17:09 Horse Collar
18:06 Double-Bit Axe
24:35 Castle Age
22:22 Loom
23:57 Town Watch
28:23 Wheelbarrow
30:05 Forging
30:29 Loom
33:03 Bow Saw
36:24 Bloodlines
36:15 Husbandry
37:15 Iron Casting
44:25 Gambesons
45:05 Ballistics
50:07 Imperial Age
48:18 Elite Skirmisher
50:48 Murder Holes
51:21 Horse Collar
52:39 Scale Barding Armor
53:36 Blast Furnace
Joko6618
7:50 Loom
10:06 Feudal Age
12:50 Double-Bit Axe
17:20 Bloodlines
18:32 Scale Barding Armor
24:52 Wheelbarrow
24:03 Horse Collar
27:52 Castle Age
29:19 Chain Barding Armor
29:25 Bow Saw
31:25 Hand Cart
31:37 Stone Mining
31:37 Gold Mining
32:21 Husbandry
33:51 Heavy Plow
37:34 Town Watch
40:33 Fletching
40:43 Padded Archer Armor
50:10 Imperial Age
52:20 Conscription
Connection lost

Rejoining the realm…

Still unreachable

The connection could not be restored.

Session expired

The server has moved on; the page needs a fresh start.